AoeStats
← Joaquito

Arena

506578469Analyzed
1v1 RM · 17d ago on Sep 14, 2026· 45m 3s· 2 players
Game mode
Random Map
Map size
Tiny (2 player)
Population
200
Speed
Normal
Resources
Standard
Victory
Conquest
Starting age
Dark Age
Ending age
Imperial Age
RankedLock teamsTeams togetherTeam positionsShared explorationLock speedFull tech treeHidden civsTurbo modeCheats
Victory
Defeat
🇺🇸 Celts · United States
1027
+16
🇨🇱 Wei · Chile
1036
-40
wkier
6:00 Loom
9:38 Feudal Age
15:56 Castle Age
24:32 Scale Mail Armor
25:28 Forging
26:49 Horse Collar
27:48 Double-Bit Axe
28:39 Wheelbarrow
28:47 Gold Mining
32:50 Imperial Age
30:12 Pikeman
31:28 Iron Casting
31:08 Chain Mail Armor
32:30 Chain Mail Armor
34:02 Bow Saw
34:49 Conscription
34:34 Heavy Plow
35:54 Gold Shaft Mining
35:53 Treadmill Crane
36:49 Halberdier
38:39 Stone Mining
39:37 Town Watch
41:26 Blast Furnace
40:57 Plate Mail Armor
41:46 Hand Cart
41:35 Town Patrol
41:44 Fletching
41:55 Padded Archer Armor
41:19 Light Cavalry
42:00 Husbandry
42:23 Ballistics
43:03 Chemistry
41:56 Arson
42:28 Elite Skirmisher
44:54 Furor Celtica
Joaquito
10:56 Feudal Age
14:49 Castle Age
12:48 Double-Bit Axe
13:27 Horse Collar
15:33 Gold Mining
15:52 Loom
22:59 Bow Saw
25:08 Wheelbarrow
25:17 Stone Mining
30:12 Imperial Age
28:02 Scale Mail Armor
28:11 Scale Barding Armor
28:24 Heavy Plow
29:04 Stone Shaft Mining
29:03 Forging
37:06 Town Watch
38:11 Conscription
39:34 Iron Casting
40:31 Hand Cart
43:02 Blast Furnace
42:25 Chain Barding Armor
Connection lost

Rejoining the realm…

Still unreachable

The connection could not be restored.

Session expired

The server has moved on; the page needs a fresh start.